 Dungeon Crawl Stone Soup version 0.19.5 (webtiles) character file.

114 BugsBunnySan the Ruffian (level 4, -3/44 HPs)
             Began as a Troll Monk on Mar 10, 2017.
             Slain by a scorpion (5 damage)
             ... on level 4 of the Dungeon.
             The game lasted 00:04:40 (2357 turns).

BugsBunnySan the Ruffian (Troll Monk)               Turns: 2357, Time: 00:04:41

Health: -3/44      AC:  5    Str: 20    XL:     4   Next: 66%
Magic:  3/3        EV: 11    Int:  6    God:
Gold:   113        SH:  0    Dex: 12    Spells: 0 memorised, 3 levels left

rFire  . . .     SeeInvis .       - Unarmed
rCold  . . .     Gourm    +     a - +0 robe
rNeg   . . .     Faith    .     (no shield)
rPois  .         Spirit   .     (helmet restricted)
rElec  .         Reflect  .     (no cloak)
rCorr  .         Harm     .     (gloves unavailable)
MR     .....                    (boots unavailable)
Stlth  ++........               (no amulet)
                                (no ring)
                                (no ring)

@: no status effects
A: unfitting armour, claws 3, fast metabolism 3, gourmand, regeneration 1,
shaggy fur 1, tough skin 2
a: no special abilities


You were on level 4 of the Dungeon.
You were completely stuffed.

You visited 1 branch of the dungeon, and saw 4 of its levels.

You collected 113 gold pieces.

Inventory:

Armour
 a - a +0 robe (worn)
Wands
 m - a wand of flame (25/48)
Scrolls
 d - a scroll of magic mapping {unknown}
 i - a scroll of noise {unknown}
 j - 3 scrolls of identify {unknown}
 l - a scroll of amnesia {unknown}
 n - a scroll of recharging {unknown}
 o - a scroll of fog {unknown}
 u - a scroll of remove curse {unknown}
Potions
 e - a potion of brilliance {unknown}
 f - 2 potions of heal wounds {unknown}
 g - a potion of flight {unknown}
 h - a potion of agility {unknown}
 p - 2 potions of curing {unknown}
 q - a potion of lignification {unknown}
 s - a potion of mutation {unknown}
 v - 2 potions of berserk rage {unknown}
Comestibles
 b - 5 bread rations
 c - 2 meat rations
 k - a beef jerky
 r - a slice of pizza
 t - 15 fruits
 w - 3 chunks of flesh


   Skills:
 + Level 2.7 Fighting
 + Level 3.0 Dodging
 + Level 1.2 Stealth
 + Level 4.5 Unarmed Combat


You had 3 spell levels left.
You didn't know any spells.

Dungeon Overview and Level Annotations

Branches:
Dungeon (4/15)
 Temple: D:4-7

Altars:

Annotations:
D:4 Edmund


Innate Abilities, Weirdness & Mutations

You are too large for most types of armour.
You have claws for hands.
Your metabolism is lightning-fast.
You like to eat raw meat.
Your natural rate of healing is unusually fast.
You are covered in fur. (AC +1)
You have very tough skin. (AC +2)


Message History

Edmund hits you with a dire flail of holy wrath!
The scorpion stings you but does no damage.
You completely miss Edmund.
Edmund is lightly wounded.
Edmund hits you with a dire flail of holy wrath!
The scorpion misses you.
You scratch Edmund.
Edmund is lightly wounded.
Edmund hits you with a dire flail of holy wrath!
The scorpion stings you!
* * * LOW HITPOINT WARNING * * *
You scratch Edmund but do no damage.
Edmund is lightly wounded.
The scorpion stings you but does no damage.
Edmund hits you with a dire flail of holy wrath.
* * * LOW HITPOINT WARNING * * *
You scratch Edmund.
Edmund is moderately wounded.
The scorpion stings you.
You die...

##### #..?#
#...#
#...###..
######........
#....@@s.#
#.####...####.
#............
#$#....###..#
# #...)# #
#....# #.#.##
#.#>.. #.#.###


You could see Edmund and a scorpion.

Vanquished Creatures
  A worker ant (D:4)
  3 adders
  2 worms
  2 dart slugs (D:1)
  2 leopard geckos
  3 orcs (D:3)
  A ball python (D:4)
  A giant cockroach (D:2)
  3 goblins
  2 hobgoblins (D:1)
  A jackal (D:3)
  8 kobolds
  3 quokkas (D:3)
  5 bats
  4 frilled lizards
  A quokka zombie (D:3)
  7 rats
49 creatures vanquished.

Notes
Turn   | Place    | Note
-------+----------+-------------------------------------------
     0 | D:1      | BugsBunnySan the Troll Monk began the quest for the Orb.
     0 | D:1      | Reached XP level 1. HP: 22/22 MP: 0/0
   306 | D:1      | Reached XP level 2. HP: 23/29 MP: 1/1
   756 | D:2      | Reached XP level 3. HP: 35/36 MP: 2/2
  1571 | D:3      | Reached skill level 4 in Unarmed Combat
  1849 | D:3      | Reached XP level 4. HP: 44/44 MP: 3/3
  2345 | D:4      | Noticed Edmund
  2356 | D:4      | HP: 2/44 [Edmund/dire flail of holy wrath (4)]
  2357 | D:4      | Slain by a scorpion

Skill      XL: |  1  2  3  4 |
---------------+-------------+-----
Unarmed Combat | 4 |  4.5
Dodging        | 3 |  3.0
Fighting       | |  2.7
Stealth        | |  1.2

Action                   |  1- 3 |  4- 6 || total
-------------------------+-------+-------++-------
Melee: Unarmed           |   111 |    31 ||   142
 Stab: Sleeping          |     2 |       ||     2
  Eat: Chunk             |    20 |     7 ||    27
Armor: Robe              |    28 |     7 ||    35
Dodge: Dodged            |    49 |    16 ||    65
